 Dungeon Sprint DCSS version 0.30-a0-737-gf23d94013f (webtiles) character file.

Game seed: 957667795203703193

1036 sircluck the Cleaver (level 8, -2/82 HPs)
             Began as a Hill Orc Fighter on Feb 1, 2023.
             Slain by a demonic crawler (7 damage)
             ... in the Dungeon (Sprint I: "Red Sonja").
             The game lasted 00:02:59 (416 turns).

sircluck the Cleaver (Hill Orc Fighter)              Turns: 416, Time: 00:03:01

Health: -2/82      AC:  8    Str: 21    XL:     8   Next: 24%
Magic:  8/8        EV: 10    Int:  8    God:
Gold:   270        SH:  6    Dex: 10    Spells: 7/7 levels left

rFire   . . .      SeeInvis .    a - +0 war axe
rCold   . . .      Faith    .    c - +0 buckler
rNeg    . . .      Spirit   .    b - +0 scale mail
rPois   .          Reflect  .    (no helmet)
rElec   .          Harm     .    (no cloak)
rCorr   .          Rampage  .    (no gloves)
Will    .....      NoTele   +    (no boots) Stlth
                                 (no amulet)
HPRegen 0.33/turn                (no ring)
MPRegen 0.11/turn                (no ring)

@: no status effects
A: no striking features
a: no special abilities


You were in the Dungeon.
You visited 1 branch You collected 270 gold pieces.

Inventory:

Hand Weapons
 a - a +0 war axe (weapon)
Armour
 b - a +0 scale mail (worn)
 c - a +0 buckler (worn)
 l - a +0 ring mail
Wands
 i - a wand of mindburst (13)
Potions
 d - a potion of might
 e - a potion of curing
 f - a potion of heal wounds
 g - a potion of haste
 h - 2 potions of magic
 k - a potion of flight {unknown}
 m - a potion of brilliance {unknown}


   Skills:
 + Level 11.4 Fighting
 + Level 11.5 Axes
 + Level 10.4 Armour
 + Level 1.3 Dodging
 + Level 9.5 Shields
 + Level 2.1 Evocations


You had 7 spell levels left.
You didn't know any spells.
Your spell library was empty.

Dungeon Overview and Level Annotations

Branches:
Dungeon (1/1)

Altars:
Makhleb
Xom
Jiyva
Lugonu


Message History

HP restored.
You open the door. 4 demonic crawlers come into view.
The demonic crawler gives a hideous shriek! x2
You hit the demonic crawler but do no damage.
You slice the demonic crawler!!
The demonic crawler is moderately wounded.
You hit the demonic crawler but do no damage.
You block the demonic crawler's attack. The demonic crawler hits you.
The demonic crawler hits you! The demonic crawler closely misses you.
The demonic crawler hits you! The demonic crawler hits you.
The demonic crawler hits you but does no damage.
The demonic crawler hits you! x2
You hit the demonic crawler but do no damage.
The demonic crawler is lightly wounded.
You hit the demonic crawler but do no damage.
The demonic crawler closely misses you. You block the demonic crawler's attack.
The demonic crawler closely misses you.
The demonic crawler completely misses you.
You block the demonic crawler's attack. The demonic crawler hits you!
The demonic crawler hits you. The demonic crawler hits you!
* * * LOW HITPOINT WARNING * * *
The demonic crawler hits you!
* * * LOW HITPOINT WARNING * * *
Blink to where?
Press: ? - help, Q - select action, (/) - cycle Dir - move target
As you read the scroll of blinking, it crumbles to dust.
There is an open door here.
There is an open door, spattered with blood here.
The demonic crawler attacks as you move away!
The demonic crawler hits you!
* * * LOW HITPOINT WARNING * * *
You block the demonic crawler's attack.
The demonic crawler hits you but does no damage.
Aiming: Mindburst
Press: ? - help, Q - select action Shift-Dir - straight line, f - demonic crawler
Aim: a demonic crawler (chance to affect: 39%)
The demonic crawler resists with some effort.
You block the demonic crawler's attack. The demonic crawler hits you!
You die...

##########################
#<.#..)..#..'.s#__#..)...#
#..)..#..').#@.sss'.)#...##+#
#..#####'#####+#__####..ss..#
#..# #..# #### #####s.+ #..#
#### ## #..# #⌠⌠# ####


You could see 4 demonic crawlers.

Vanquished Creatures
  2 kobold demonologists (D)
  A slime creature (D)
  Sigmund (D)
  A floating eye (D)
  An ogre (D)
  Ijyb (D)
7 creatures vanquished.

Notes
Turn   | Place    | Note
-------+----------+-------------------------------------------
     0 | D        | sircluck the Hill Orc Fighter began the quest for the Orb.
     0 | D        | Reached XP level 1. HP: 19/19 MP: 1/1
    14 | D        | Noticed Ijyb
    20 | D        | Killed Ijyb
    21 | D        | Reached skill level 5 in Fighting
    21 | D        | Reached XP level 2. HP: 29/29 MP: 2/2
    21 | D        | Reached XP level 3. HP: 36/36 MP: 3/3
    51 | D        | Noticed an ogre
    53 | D        | Killed an ogre
    54 | D        | Reached skill level 5 in Axes
    54 | D        | Reached XP level 4. HP: 45/45 MP: 4/4
    67 | D        | Noticed Sigmund
    69 | D        | Killed Sigmund
    70 | D        | Reached XP level 5. HP: 56/56 MP: 5/5
    70 | D        | Reached XP level 6. HP: 62/62 MP: 6/6
    86 | D        | Found a burning altar of Makhleb.
    86 | D        | Found a viscous altar of Jiyva.
    86 | D        | Found a shimmering altar of Xom.
    86 | D        | Found a corrupted altar of Lugonu.
    86 | D        | Noticed a slime creature
    97 | D        | Killed a slime creature
    98 | D        | Reached skill level 1 in Evocations
   174 | D        | Noticed a kobold demonologist
   174 | D        | Noticed a floating eye
   175 | D        | Noticed a kobold demonologist
   176 | D        | Noticed a soul eater
   176 | D        | Paralysed by a floating eye for 4 turns
   179 | D        | Noticed a chaos spawn
   181 | D        | Noticed an ice devil
   181 | D        | Killed a floating eye
   182 | D        | Reached skill level 10 in Fighting
   182 | D        | Reached XP level 7. HP: 70/72 MP: 7/7
   189 | D        | Noticed an ice devil
   193 | D        | Killed a kobold demonologist
   194 | D        | Reached skill level 10 in Axes
   194 | D        | Reached skill level 10 in Armour
   194 | D        | Reached skill level 1 in Dodging
   195 | D        | Noticed a sixfirhy
   201 | D        | Noticed a rust devil
   202 | D        | Killed a kobold demonologist
   203 | D        | Reached XP level 8. HP: 16/82 MP: 8/8
   404 | D        | Noticed a demonic crawler
   404 | D        | Noticed a demonic crawler
   404 | D        | Noticed a demonic crawler
   404 | D        | Noticed a demonic crawler
   414 | D        | HP: 4/82 [demonic crawler (7)]
   416 | D        | Slain by a demonic crawler

Illustrated notes

Levels and vault maps discovered:
D:        dungeon_sprint_1 [red_sonja_temple_1, red_sonja_temple_small_1]

Skill      XL: |  1  2  3  4  5  6  7 |
---------------+----------------------+-----
Fighting       | 5 6 8 10 11 | 11.4
Axes           | 3 5 6 9 11 | 11.5
Armour         | 4 6 8 9 10 | 10.4
Shields        | 4 6 7 8 9 |  9.5
Evocations     | 1 2 |  2.1
Dodging        | 1 |  1.3

Action                     |  1- 3 |  4- 6 |  7- 9 || total
---------------------------+-------+-------+-------++-------
  Melee: War axe           |     6 |    13 |    24 ||    43
  Evoke: Wand              |     1 |     3 |     1 ||     5
    Use: Potion            |     1 |       |       ||     1
         Scroll            |       |       |     1 ||     1
 Armour: Scale mail        |     2 |       |    22 ||    24
  Dodge: Dodged            |     1 |     7 |    10 ||    18
  Block: Buckler           |       |     1 |    11 ||    12

Table legend: (Time is in decaauts)
 A = Elapsed time spent in this place.
 B = Non-inter-level travel time spent in this place.
 C = Inter-level travel time spent in this place.
 D = Time resting spent in this place.
 E = Time spent auto-exploring this place.
 F = Levels seen in this place.
 G = Mean time per level.
                   A        B        C        D        E       F      G
               +--------+--------+--------+--------+--------+-----+--------+
         Total |    430 |    430 |      0 |    284 |      0 |   1 |  430.0 |
       Dungeon |    430 |    430 |      0 |    284 |      0 |   1 |  430.0 |
               +--------+--------+--------+--------+--------+-----+--------+

Top non-repeatable levels by time:
       D: 430 daAuts
